 Dungeon Crawl Stone Soup version 0.26-a0-812-g31a745ddcd (webtiles) character file.

Game seed: 8777439146537084503

45058 reriks the Fighter (level 14, -2/153 HPs)
             Began as an Ogre Hunter on Nov 13, 2020.
             Was the Champion of Ru.
             Slain by a komodo dragon (28 damage)
             ... on level 6 of the Lair of Beasts.
             The game lasted 00:50:15 (29223 turns).

reriks the Fighter (Ogre Hunter)                   Turns: 29223, Time: 00:50:16

Health: -2/153     AC:  9    Str: 29    XL:     14   Next: 31%
Magic:  0/14       EV: 19    Int: 14    God:    Ru [******]
Gold:   1514       SH:  0    Dex: 13    Spells: 13/13 levels left

rFire    x . .     SeeInvis .   a - +9 mace of Wazoteol {drain, Str+6 Int+2 Dex+4}
rCold    . . .     Faith    .   (no shield)
rNeg     + . .     Spirit   +   t - +0 troll leather armour
rPois    .         Reflect  .   v - +2 hat of the Bear Spirit {Spirit, +Rage rN+ MR++}
rElec    .         Harm     .   J - +0 cloak (curse)
rCorr    .         Rampage  .   (gloves unavailable)
MR       ++++.                  (boots unavailable)
Stlth    ..........             (no amulet)
HPRegen  0.75/turn              u - +4 ring of evasion
MPRegen  0.14/turn              z - ring of protection from cold

@: no status effects
A: large, unfitting armour, magic resistance 1, screaming 1, tough skin 1, wild
magic 1, no stealth, inability to use devices, hated by all, temperature
sensitive
a: Draw Out Power, Power Leap, Apocalypse, Renounce Religion


You were on level 6 of the Lair of Beasts.
You worshipped Ru.
Ru was exalted by your worship.
You visited 4 branches of the dungeon, and saw 19 of its levels.
You also visited: Bailey and Ice Cave.

You collected 1514 gold pieces.

Inventory:

Hand Weapons
 a - the +9 mace of Wazoteol (weapon) {drain, Str+6 Int+2 Dex+4}
   (You found it on level 7 of the Dungeon)

   A truly terrible weapon, it drains the life of those it strikes.
   It affects your strength (+6).
   It affects your intelligence (+2).
   It affects your dexterity (+4).
 j - a +2 mace of draining
 K - a +2 battleaxe of freezing
 L - a +1 mace of protection
Missiles
 c - 2 large rocks
 d - 4 throwing nets
 f - 405 stones
 h - 21 poisoned darts
 m - an atropa-tipped dart
 G - 10 boomerangs (quivered)
Armour
 b - a +1 robe
 t - a +0 troll leather armour (worn)
 v - the +2 hat of the Bear Spirit (worn) {Spirit, +Rage rN+ MR++}
   (You found it on level 4 of the Dungeon)

   It protects you from negative energy.
   It affects your resistance to hostile enchantments.
   It lets you go berserk.
 J - a cursed +0 cloak (worn)
Jewellery
 r - an uncursed ring of magical power
 s - the ring "Jucriosy" {*Tele +Inv rElec}
   (You found it on level 4 of the Dungeon)

   [ring of teleportation]

   It may teleport you next to monsters.
   It insulates you from electricity.
   It lets you turn invisible.
 u - a +4 ring of evasion (left hand)
 z - a ring of protection from cold (right hand)
 E - a +4 ring of evasion
Wands
 e - a wand of paralysis (13)
 y - a wand of flame (45)
Scrolls
 g - a scroll of enchant weapon
 k - 5 scrolls of amnesia
 q - 3 scrolls of identify
 w - a scroll of teleportation
 A - a scroll of torment
 B - 2 scrolls of fog
 C - 3 scrolls of enchant armour
 D - 3 scrolls of remove curse
 H - 2 scrolls of fear
Potions
 l - 5 potions of curing
 n - 5 potions of heal wounds
 o - 3 potions of haste
 p - 2 potions of magic
 x - a potion of lignification
 F - 2 potions of resistance
 I - a potion of mutation


   Skills:
 + Level 13.3 Fighting
 * Level 12.9 Maces & Flails
 + Level 10.5 Throwing
 + Level 8.6 Armour
 + Level 9.6 Dodging


You had 13 spell levels left.
You didn't know any spells.
Your spell library contained the following spells:

 Spells                   Type           Power        Failure   Level
 Shock                    Conj/Air       #...         41%         1
 Swiftness                Air            #.......     52%         2
 Static Discharge         Conj/Air       #.......     75%         3
 Airstrike                Air            #.........   98%         4
 Lightning Bolt           Conj/Air       #.........   100%        5


Dungeon Overview and Level Annotations

Branches:
Dungeon (11/15)            Temple (1/1) D:5            Lair (6/6) D:10
  Swamp (0/4) Lair:4       Spider (0/4) Lair:4        Slime (0/5) Lair:6
    Orc (1/2) D:11         Bailey (visited)           IceCv (visited)

Altars:
Ashenzari
Cheibriados
Dithmenos
Elyvilon
Fedhas
Gozag
Hepliaklqana
Kikubaaqudgha
Makhleb
Nemelex Xobeh
Okawaru
Qazlal
Ru
Sif Muna
Trog
Uskayaw
Vehumet
Wu Jian
Xom
Yredelemnul
Zin
The Shining One
Lugonu


Innate Abilities, Weirdness & Mutations

You are too large for most types of armour.
You occasionally shout uncontrollably at your foes.
You have tough skin. (AC +1)
You cannot be stealthy.
You cannot study or use magical devices.
You are hated by all.
You are sensitive to extremes of temperature. (rF-, rC-)
You are resistant to hostile enchantments. (MR+)
Your spells are a little harder to cast, but a little more powerful.


Message History

The elephant barely misses you. The elephant closely misses you.
There is a collapsed entrance, spattered with blood here.
You feel much better.
The komodo dragon is stunned by your will and fails to attack.
The elephant tramples you.
* * * LOW HITPOINT WARNING * * *
You hold your ground!
You focus your will and blind the elephant in retribution!
The elephant barely misses you. The komodo dragon bites you!
* * * LOW HITPOINT WARNING * * *
You hit the elephant but do no damage. You drain the elephant.
The elephant is lightly wounded.
The elephant tramples you!
* * * LOW HITPOINT WARNING * * *
You hold your ground!
The elephant completely misses you. The komodo dragon bites you.
* * * LOW HITPOINT WARNING * * *
You feel much better. The elephant closely misses you. x2
The komodo dragon bites you!!
You die...

≈≈**,,,,,,,,,,,,,,,,,,,,,,,,*,*
≈≈≈*,,,,,,,,,,,,,,,,,,,,,,,,,**
≈≈≈*,,,,,,,,,,,,,,,,,,,,,,,,**
≈≈≈*,,,,,,,,^,,,,,,,,,,,,,,,*
≈≈≈*,,,,,,,,,,,,,Y..........#
≈≈P,,,,,,,,,,,,,,...........###
P≈≈,,,,,,,,,,,≈≈≈≈≈...........#
≈≈≈,,,,,,**,,,≈#####.........#*
P≈≈,*,*,***,,,≈#@l...........#
≈P≈,******#.,,≈#.Y...≈......##
≈≈≈,,,* *..P.≈#...≈#...†....#
Y..,,,* *#....#..≈#≈.†.....##
...,,,* **,#....#≈.....)...#
...,,,* *,*#...≈..........##
*,.,,,** ***#P..............#
*,,,,,,* ##.....P.......P#
,,,,,,,* #.....P.......P#


You could see an elephant (blind, drained) and a komodo dragon.

Vanquished Creatures
  Gastronok (D:8)
  A frost giant (IceCv)
  5 hydras
  A two-headed ogre (D:10)
  Sonja (D:11)
  Nergalle (D:11)
  A lindwurm (Lair:5)
  2 orc knights (Bailey)
  An ugly thing (D:10)
  14 elephants
  3 black mambas
  An ice statue (IceCv)
  10 cane toads
  5 rime drakes
  3 komodo dragons
  A troll (D:10)
  22 polar bears
  16 blink frogs
  47 yaks
  4 wyverns
  2 basilisks (Lair:2)
  3 vampire mosquitoes (Lair:4)
  A warg (Orc:1)
  11 water moccasins
  A sky beast (D:10)
  2 ice beasts
  7 orc warriors
  3 black bears
  15 wolves (IceCv)
  4 centaurs
  5 ogres
  3 phantoms
  3 big kobolds
  13 bullfrogs
  3 scorpions
  A water moccasin skeleton (D:6)
  A wyvern skeleton (D:9)
  A jelly (D:10)
  4 killer bees (D:8)
  24 wights
  An electric eel (Lair:3)
  4 howler monkeys
  A centaur zombie (D:9)
  3 orc priests
  5 hounds
  2 centaur skeletons
  3 bullfrog skeletons
  10 orc wizards
  Ijyb (D:5)
  5 iguanas
  9 worker ants
  A killer bee zombie (D:7)
  A hound zombie (D:8)
  A hound skeleton (D:5)
  8 gnolls
  2 howler monkey skeletons
  7 adders
  A shadow imp (D:8)
  A white imp (D:6)
  2 ufetubi
  2 oozes
  An adder zombie (D:9)
  A worm (D:2)
  2 dart slugs
  5 leopard geckos
  44 orcs
  4 ball pythons
  7 bats
  5 giant cockroaches
  10 goblins
  5 hobgoblins
  13 jackals
  18 kobolds
  8 quokkas
  A frilled lizard (D:2)
  2 jackal zombies (D:6)
  7 rats
450 creatures vanquished.

Vanquished Creatures (others)
  A komodo dragon (Lair:4)
  20 fungi
  24 plants
45 creatures vanquished.

Grand Total: 495 creatures vanquished

Notes
Turn   | Place    | Note
-------+----------+-------------------------------------------
     0 | D:1      | reriks the Ogre Hunter began the quest for the Orb.
     0 | D:1      | Reached XP level 1. HP: 22/22 MP: 1/1
   391 | D:1      | Reached skill level 3 in Fighting
   391 | D:1      | Reached XP level 2. HP: 27/31 MP: 2/2
   615 | D:1      | Reached XP level 3. HP: 30/37 MP: 3/3
  1707 | D:2      | Reached skill level 1 in Armour
  1985 | D:2      | Reached skill level 1 in Maces & Flails
  1985 | D:2      | Reached XP level 4. HP: 25/45 MP: 4/4
  2947 | D:2      | Reached XP level 5. HP: 49/54 MP: 5/5
  3020 | D:2      | Found an opulent altar of Gozag.
  3021 | D:2      | Found a sparkling altar of Nemelex Xobeh.
  3083 | D:2      | Noticed an ice beast
  3564 | D:2      | You fall into a shaft and drop 1 floor!
  4012 | D:3      | Found an iron altar of Okawaru.
  4117 | D:2      | Reached skill level 4 in Fighting
  5577 | D:3      | Found a radiant altar of Vehumet.
  5696 | D:3      | Found a hide-covered altar of Uskayaw.
  5704 | D:3      | Found a shadowy altar of Dithmenos.
  6181 | D:3      | Reached XP level 6. HP: 36/62 MP: 6/6
  6886 | D:3      | Reached skill level 5 in Throwing
  7243 | D:4      | Found a white marble altar of Elyvilon.
  7500 | D:4      | Noticed a phantom
  7572 | D:4      | Killed a phantom
  7572 | D:4      | Reached XP level 7. HP: 41/71 MP: 7/7
  7742 | D:4      | Found an ornate altar of the Wu Jian Council.
  8086 | D:4      | Found the +2 hat of the Bear Spirit {Spirit, +Rage rN+
                  | MR++}
  8090 | D:4      | Got a smoking brass ring
  8101 | D:4      | Identified the ring "Jucriosy" {*Tele +Inv rElec} (You
                  | found it on level 4 of the Dungeon)
  8373 | D:5      | Entered Level 5 of the Dungeon
  8374 | D:5      | Noticed Ijyb
  8385 | D:5      | Killed Ijyb
  8502 | D:5      | Found a staircase to the Ecumenical Temple.
  8517 | Temple   | Entered the Ecumenical Temple
  8568 | Temple   | Became a worshipper of Ru the Awakened
  9031 | D:5      | Found a broken altar of Ashenzari.
  9752 | D:6      | Noticed a wyvern
  9764 | D:6      | Killed a wyvern
  9764 | D:6      | Reached skill level 5 in Fighting
  9894 | D:6      | Reached XP level 8. HP: 59/81 MP: 6/8
  9997 | D:6      | Found a burning altar of Makhleb.
 10899 | D:6      | Reached skill level 6 in Fighting
 11124 | D:6      | Noticed a yak
 11351 | D:6      | Gained mutation: You cannot be stealthy. [Ru sacrifice]
 11360 | D:6      | Noticed a yak
 11360 | D:6      | Noticed a yak
 11362 | D:6      | Noticed a yak
 11368 | D:6      | Noticed a yak
 11377 | D:6      | Killed a yak
 11377 | D:6      | Reached skill level 5 in Maces & Flails
 11392 | D:5      | Killed a yak
 11816 | D:5      | Killed a yak
 11816 | D:5      | Reached XP level 9. HP: 58/92 MP: 6/9
 12390 | D:6      | Found a hazy altar of Hepliaklqana.
 12944 | D:7      | Found a flagged portal.
 12953 | Bailey   | Entered a bailey
 13193 | Bailey   | Noticed an orc knight
 13285 | Bailey   | Killed an orc knight
 13285 | Bailey   | Reached skill level 7 in Fighting
 13285 | Bailey   | Reached skill level 5 in Dodging
 14086 | Bailey   | Noticed an orc knight
 14253 | Bailey   | Killed an orc knight
 14253 | Bailey   | Reached XP level 10. HP: 66/104 MP: 10/10
 14633 | Bailey   | Gained mutation: You do not regenerate when monsters are
                  | visible. [potion of mutation]
 14633 | Bailey   | Gained mutation: Your mind is acute. (Int +2) [potion of
                  | mutation]
 14798 | D:7      | Reached skill level 8 in Fighting
 14915 | D:7      | Got a polished mace
 15016 | D:7      | Identified the +9 mace of Wazoteol {drain, Str+6 Int+2
                  | Dex+4} (You found it on level 7 of the Dungeon)
 15025 | D:7      | Found a snail-covered altar of Cheibriados.
 15443 | D:7      | Found a blossoming altar of Fedhas.
 16492 | D:8      | Reached skill level 5 in Armour
 16576 | D:8      | Gained mutation: You cannot study or use magical devices.
                  | [Ru sacrifice]
 16576 | D:8      | Reached * piety under Ru
 16576 | D:8      | Reached ** piety under Ru
 16576 | D:8      | Reached *** piety under Ru
 16635 | D:8      | Noticed Gastronok
 16654 | D:8      | HP: 3/106 [centaur (4)]
 17916 | D:8      | Killed Gastronok
 17916 | D:8      | Reached skill level 9 in Fighting
 17916 | D:8      | Reached XP level 11. HP: 90/115 MP: 8/11
 18739 | D:9      | Reached skill level 10 in Fighting
 19531 | D:10     | Entered Level 10 of the Dungeon
 19935 | D:10     | Found a staircase to the Lair.
 19951 | D:10     | Noticed a two-headed ogre
 19995 | D:10     | Killed a two-headed ogre
 20006 | D:10     | Found a shimmering altar of Xom.
 20277 | D:10     | Gained mutation: You are hated by all. [Ru sacrifice]
 20867 | D:11     | Noticed Nergalle
 20879 | D:11     | Killed Nergalle
 20879 | D:11     | Reached skill level 10 in Maces & Flails
 20922 | D:11     | Found a staircase to the Orcish Mines.
 20945 | D:11     | Noticed Sonja
 21213 | D:11     | Killed Sonja
 21321 | D:11     | Noticed a red ugly thing
 21344 | D:10     | Killed a red ugly thing
 21344 | D:10     | Reached XP level 12. HP: 27/128 MP: 3/12
 21527 | Orc:1    | Entered Level 1 of the Orcish Mines
 21625 | Lair:1   | Entered Level 1 of the Lair of Beasts
 21968 | Lair:1   | Lost mutation: Your mind is acute. (Int +2) [potion of
                  | mutation]
 21968 | Lair:1   | Lost mutation: You do not regenerate when monsters are
                  | visible. [potion of mutation]
 21968 | Lair:1   | Gained mutation: You are resistant to hostile enchantments.
                  | (MR+) [potion of mutation]
 21968 | Lair:1   | Gained mutation: Your spells are a little harder to cast,
                  | but a little more powerful. [potion of mutation]
 22050 | Lair:1   | Reached skill level 11 in Fighting
 22919 | Lair:2   | Gained mutation: You are sensitive to extremes of
                  | temperature. (rF-, rC-) [Ru sacrifice]
 22919 | Lair:2   | Reached **** piety under Ru
 22919 | Lair:2   | Reached ***** piety under Ru
 23438 | Lair:2   | Noticed a five-headed hydra
 23445 | Lair:2   | Killed a five-headed hydra
 24033 | Lair:3   | Noticed a four-headed hydra
 24041 | Lair:3   | Killed a four-headed hydra
 24239 | Lair:3   | Noticed a six-headed hydra
 24250 | Lair:3   | Killed a six-headed hydra
 24794 | Lair:3   | Reached XP level 13. HP: 139/139 MP: 13/13
 25199 | Lair:4   | Found a staircase to the Swamp.
 25265 | Lair:4   | Reached skill level 12 in Fighting
 25589 | Lair:4   | Found a hole to the Spider Nest.
 25668 | Lair:4   | Gained mutation: You occasionally shout uncontrollably at
                  | your foes. [Ru sacrifice]
 25668 | Lair:4   | Reached ****** piety under Ru
 27639 | Lair:6   | Entered Level 6 of the Lair of Beasts
 27662 | Lair:6   | Reached skill level 10 in Throwing
 27849 | Lair:6   | Found a frozen archway.
 27868 | IceCv    | Entered an ice cave
 28082 | IceCv    | Reached XP level 14. HP: 150/150 MP: 14/14
 28205 | IceCv    | Reached skill level 13 in Fighting
 28878 | IceCv    | Noticed a frost giant
 28916 | IceCv    | Killed a frost giant
 29222 | Lair:6   | HP: 6/153 [elephant (15)]
 29223 | Lair:6   | Slain by a komodo dragon

Illustrated notes

Levels and vault maps discovered:
D:1:      noname_arrival_rooms_in_the_neighbourhood, layout_loops_ring,
          feat_on_display
D:2:      layout_basic, grunt_temple_overflow_opulence, minivault_14
D:3:      layout_loops_ring, lemuel_round_altar,
          minmay_overflow_temple_star_quad, amethyst_killhole
D:4:      layout_layer_cave, old_standard_altar, elyvilon_altar_5
D:5:      layout_basic, ashenzari_altar_1, minmay_temple_entry_poolview,
          uniq_ijyb
D:6:      layout_rooms, kennysheep_little_box, kennysheep_mini
D:7:      layout_loops_ring, fedhas_altar_1, old_standard_altar, enter_bailey_8
D:8:      layout_basic, uniq_gastronok
D:9:      layout_roguey, minmay_misc_feat_rugged
D:10:     layout_basic, lair_entry_dummy, basic_altar
D:11:     layout_layer_cave, orc_0_dummy, uniq_nergalle, uniq_sonja
Temple:   corrupted_temple
Lair:1:   layout_concentric_octagons
Lair:2:   layout_loops_ring
Lair:3:   layout_cave_shapes, gammafunk_lair_bear_cave
Lair:4:   layout_roguey, minmay_swamp_entry_swarm, dummy_spider_entry
Lair:5:   layout_cave_shapes, wad_woods_river_04, grunt_megastairs_2
Lair:6:   due_jungle_book, layout_big_grid, dpeg_slime_entry_enclosed_altar,
          portal_ice_cave_rime, st_stairs_7, minmay_lair_oklob_chamber,
          serial_bayou_shore_a
Orc:1:    layout_caves

Skill      XL: |  1  2  3  4  5  6  7  8  9 10 11 12 13 14 |
---------------+-------------------------------------------+-----
Fighting       | 3 4 5 6 7 9 10 11 12 13 | 13.3
Dodging        | 2 3 4 5 6 7 8 9 |  9.6
Armour         | 1 2 3 4 5 6 7 8 |  8.6
Maces & Flails | 1 2 3 4 5 7 8 10 11 12 | 12.9
Throwing       | 5 6 7 8 9 10 | 10.5

Action                   |  1- 3 |  4- 6 |  7- 9 | 10-12 | 13-15 || total
-------------------------+-------+-------+-------+-------+-------++-------
Melee: Hand axe          |    25 |       |       |       |       ||    25
       Mace              |    62 |   155 |   163 |   447 |   448 ||  1275
Throw: Stone             |    34 |   213 |   323 |   176 |       ||   746
       Dart              |     2 |       |    36 |     7 |       ||    45
       Boomerang         |       |       |    42 |   293 |   151 ||   486
       Large rock        |       |       |     2 |     2 |       ||     4
Invok: Sacrifice Stealth |       |       |     1 |       |       ||     1
       Sacrifice Artific |       |       |       |     1 |       ||     1
       Sacrifice Love    |       |       |       |     1 |       ||     1
       Power Leap        |       |       |       |     3 |       ||     3
       Apocalypse        |       |       |       |     1 |       ||     1
       Sacrifice Resista |       |       |       |     1 |       ||     1
       Sacrifice Purity  |       |       |       |       |     1 ||     1
  Use: Scroll            |       |     9 |     6 |     7 |     6 ||    28
       Potion            |       |     1 |       |     8 |     6 ||    15
 Stab: Invisible         |       |       |       |     5 |     3 ||     8
       Paralysed         |       |       |       |       |     6 ||     6
       Distracted        |       |       |       |       |     1 ||     1
Armor: Robe              |    32 |    48 |    54 |    35 |       ||   169
       Troll leather arm |       |       |       |    34 |    85 ||   119
       Skin              |       |       |       |       |    52 ||    52
Dodge: Dodged            |    62 |   144 |   215 |   374 |   431 ||  1226

Table legend: (Time is in decaauts)
 A = Elapsed time spent in this place.
 B = Non-inter-level travel time spent in this place.
 C = Inter-level travel time spent in this place.
 D = Time resting spent in this place.
 E = Time spent auto-exploring this place.
 F = Levels seen in this place.
 G = Mean time per level.
                   A        B        C        D        E       F      G
               +--------+--------+--------+--------+--------+-----+--------+
         Total |  29055 |  28358 |    697 |  13274 |  10486 |  21 | 1383.6 |
       Dungeon |  19735 |  19232 |    503 |   9540 |   6915 |  11 | 1794.1 |
        Temple |     65 |     65 |      0 |      0 |     26 |   1 |   65.0 |
          Lair |   6172 |   5979 |    193 |   2152 |   2972 |   6 | 1028.7 |
  Orcish Mines |     39 |     39 |      0 |     19 |      0 |   1 |   39.0 |
        Bailey |   1729 |   1729 |      0 |    817 |    370 |   1 | 1729.0 |
      Ice Cave |   1313 |   1313 |      0 |    744 |    202 |   1 | 1313.0 |
               +--------+--------+--------+--------+--------+-----+--------+

Top non-repeatable levels by time:
     D:6: 2884 daAuts
     D:2: 2356 daAuts
     D:8: 2185 daAuts
     D:3: 2139 daAuts
     D:1: 1960 daAuts
     D:4: 1953 daAuts
  Bailey: 1729 daAuts
     D:5: 1566 daAuts
    D:10: 1436 daAuts
     D:9: 1426 daAuts
   IceCv: 1313 daAuts
  Lair:4: 1275 daAuts
  Lair:1: 1267 daAuts
     D:7: 1220 daAuts
  Lair:5: 1196 daAuts
